 Dungeon Crawl Stone Soup version 0.18.1-48-g4cf74bf (webtiles) character file.

1026 KarvaRausku the Cleaver (level 8, 0/74 HPs)
             Began as a Hill Orc Fighter on Sept 3, 2016.
             Slain by an ogre
             ... wielding a +0 giant club
              (13 damage)
             ... on level 4 of the Dungeon.
             The game lasted 00:12:30 (3559 turns).

KarvaRausku the Cleaver (Hill Orc Fighter)          Turns: 3559, Time: 00:12:31

Health: 0/74       AC: 12    Str: 20    XL:     8   Next: 23%
Magic:  8/8        EV:  8    Int: 14    God:
Gold:   229        SH:  9    Dex: 11    Spells: 0 memorised, 7 levels left

rFire  . . .     SeeInvis .     v - +0 whip (elec)
rCold  + + .     Gourm    .     o - +0 ring mail {rF+}
rNeg   . . .     Faith    .     c - +0 shield
rPois  +         Spirit   .     (helmet restricted)
rElec  +         Dismiss  .     (no cloak)
rCorr  .         Reflect  .     y - +0 pair of gloves
SustAt .         Harm     +     h - +0 pair of boots
MR     .....                    w - amulet of harm
Stlth  +.........               (no ring)
                                C - ring of Ciochaf {Ice rElec rPois}

@: brilliant, not resistant to hostile enchantments, very unstealthy
A: antennae 1, rough black scales 1, thin skeletal structure 1, cold resistance
1
a: no special abilities


You were on level 4 of the Dungeon.
You were not hungry.

You visited 1 branch of the dungeon, and saw 5 of its levels.

You collected 229 gold pieces.

Inventory:

Hand Weapons
 a - a +0 war axe
 n - a cursed -3 scythe
 v - a +0 whip of electrocution (weapon)
 F - a +0 war axe of electrocution
Armour
 b - a +0 scale mail
 c - a +0 shield (worn)
 h - a +0 pair of boots (worn)
 k - a +0 helmet
 l - a cursed +0 helmet
 o - a +0 ring mail of fire resistance (worn)
 y - a +0 pair of gloves (worn)
 z - a +0 helmet
Jewellery
 w - an amulet of harm (around neck)
 C - the ring of Ciochaf (left hand) {Ice rElec rPois}
   (You found it on level 4 of the Dungeon)

   [ring of ice]

   It enhances your ice magic, and weakens your fire magic.
   It makes you vulnerable to fire.
   It protects you from cold.
   It insulates you from electricity.
   It protects you from poison.
Wands
 t - a wand of polymorph (16/24)
 x - a wand of slowing (14/48)
Scrolls
 g - 2 scrolls of remove curse {unknown}
 i - 3 scrolls of recharging {unknown}
 j - 2 scrolls of fear {unknown}
 p - 7 scrolls of identify {unknown}
 s - 2 scrolls of teleportation
 u - a scroll of magic mapping {unknown}
Potions
 d - 2 potions of might
 e - a potion of curing {unknown}
 q - 3 potions of flight
 r - a potion of brilliance
 A - a potion of berserk rage {unknown}
 B - a potion of ambrosia {unknown}
 D - a potion of degeneration {unknown}
Comestibles
 f - 6 bread rations
 m - 3 meat rations
 E - a chunk of flesh


   Skills:
 * Level 7.9 Fighting
 * Level 8.1 Axes
 * Level 5.0 Armour
 + Level 4.0 Shields


You had 7 spell levels left.
You didn't know any spells.

Dungeon Overview and Level Annotations

Branches:
Dungeon (5/15)
 Temple: D:4-7

Altars:
Elyvilon
Okawaru
Sif Muna
Vehumet


Innate Abilities, Weirdness & Mutations

You have a pair of small antennae on your head.
You are partially covered in rough black scales (AC +4, Dex -1).
You have a somewhat thin skeletal structure (Dex +2, Stealth).
Your flesh is cold resistant.


Message History

You hit the ogre but do no damage. The ogre hits you but does no damage.
You hit the ogre.
The ogre is moderately wounded.
You whack the ogre!
The ogre is heavily wounded.
The ogre hits you with a giant club!
You hit the ogre.
The ogre is severely wounded.
The ogre hits you with a giant club!
* * * LOW HITPOINT WARNING * * *
You are too injured to fight recklessly!
You are too injured to fight recklessly!
You climb downwards.
The ogre hits you with a giant club.
* * * LOW HITPOINT WARNING * * *
There is a stone staircase leading up here.
Drink which item? (? for menu, Esc to quit)
It was a potion of brilliance.
You feel clever all of a sudden. The ogre hits you with a giant club!
You die...

...#.#..##.#.#[..###....# #
...#.#...........# #..).# #
..(#.##.##.#.....# #...)## ####
........#........# #.....# #...
....#####..##.##.# #####.#####.#.
............[....# #.......#.
........#####.#### ##########
...............O.#
#.....#.######..@##############
#.....#.### #.O.#............#
#.....#...# #................###
#####.###.####...................
# #.##....##....###########....
#####.......##....# #.#....#.....
....+...........#.###...##.#...##
...##.......#####.#...#.##.#...##
...............##.#.#.#.##.#...#.


You could see 2 ogres.

Vanquished Creatures
  Pikel (D:4)
  Sigmund (D:3)
  2 slaves (D:4)
  A scorpion (D:5)
  A crimson imp (D:5)
  A jelly (D:5)
  An orc wizard (D:3)
  4 worker ants
  Robin (D:3)
  8 adders
  An ooze (D:3)
  4 worms
  A giant gecko (D:1)
  14 orcs
  4 giant cockroaches
  9 goblins
  2 hobgoblins (D:3)
  11 jackals
  2 quokkas
  7 bats
  A giant cockroach zombie (D:5)
  A giant gecko zombie (D:5)
  6 giant newts
  7 kobolds
  7 rats
98 creatures vanquished.

Vanquished Creatures (others)
  A goblin (D:2)
  A ball python skeleton (D:4)
2 creatures vanquished.

Grand Total: 100 creatures vanquished

Notes
Turn   | Place    | Note
--------------------------------------------------------------
     0 | D:1      | KarvaRausku the Hill Orc Fighter began the quest for the Orb.
     0 | D:1      | Reached XP level 1. HP: 19/19 MP: 1/1
    57 | D:1      | Reached skill level 3 in Axes
   220 | D:1      | Reached XP level 2. HP: 24/27 MP: 2/2
   951 | D:2      | Found a deep blue altar of Sif Muna.
  1000 | D:2      | Found a radiant altar of Vehumet.
  1046 | D:2      | Reached XP level 3. HP: 33/33 MP: 3/3
  1233 | D:2      | Reached skill level 4 in Axes
  1360 | D:2      | Reached XP level 4. HP: 41/41 MP: 4/4
  1655 | D:3      | Reached skill level 5 in Fighting
  1823 | D:3      | Noticed Sigmund
  1827 | D:3      | Gained mutation: You are partially covered in rough black scales (AC +4, Dex -1). [potion of beneficial mutation]
  1828 | D:3      | Gained mutation: Your flesh is cold resistant. [potion of mutation]
  1828 | D:3      | Gained mutation: You have a pair of small antennae on your head. [potion of mutation]
  1828 | D:3      | Gained mutation: You have a somewhat thin skeletal structure (Dex +2, Stealth). [potion of mutation]
  2006 | D:3      | Killed Sigmund
  2006 | D:3      | Reached skill level 6 in Axes
  2006 | D:3      | Reached XP level 5. HP: 37/50 MP: 5/5
  2006 | D:3      | Reached XP level 6. HP: 43/57 MP: 6/6
  2324 | D:3      | Noticed Robin
  2336 | D:3      | Killed Robin
  2666 | D:4      | Got a scintillating platinum ring
  2667 | D:4      | Identified the ring of Ciochaf {Ice rElec rPois} (You found it on level 4 of the Dungeon)
  2806 | D:4      | Noticed a slave
  2806 | D:4      | Noticed a slave
  2806 | D:4      | Noticed a slave
  2807 | D:4      | Noticed Pikel
  2809 | D:4      | Noticed a slave
  2820 | D:4      | Killed a slave
  2823 | D:4      | Killed a slave
  2851 | D:4      | Killed Pikel
  2851 | D:4      | Reached skill level 7 in Axes
  2851 | D:4      | Reached XP level 7. HP: 30/67 MP: 7/7
  2851 | D:4      | Reached XP level 8. HP: 33/74 MP: 8/8
  3034 | D:4      | Found a white marble altar of Elyvilon.
  3341 | D:5      | Entered Level 5 of the Dungeon
  3360 | D:5      | Reached skill level 8 in Axes
  3391 | D:5      | Reached skill level 5 in Armour
  3467 | D:5      | Found an iron altar of Okawaru.
  3559 | D:4      | Slain by an ogre

Skill      XL: |  1  2  3  4  5  6  7  8 |
---------------+-------------------------+-----
Axes           | 3 4 6 7 8 |  8.1
Fighting       | 4 6 7 |  7.9
Armour         | 4 5 |  5.0
Shields        | 4 |  4.0

Action                   |  1- 3 |  4- 6 |  7- 9 || total
-------------------------+-------+-------+-------++-------
Melee: War axe           |   107 |   168 |       ||   275
       Whip              |       |    58 |    76 ||   134
Evoke: Wand              |       |     1 |     1 ||     2
  Use: Potion            |       |     4 |     1 ||     5
       Scroll            |       |     1 |       ||     1
  Eat: Chunk             |     1 |     6 |     2 ||     9
Armor: Scale mail        |    48 |       |       ||    48
       Ring mail         |    22 |    70 |    35 ||   127
       Skin              |       |    12 |       ||    12
Dodge: Dodged            |    36 |    61 |    30 ||   127
Block: Shield            |    66 |   105 |    48 ||   219
